 Dungeon Crawl Stone Soup version 0.30-b1-2-g02819fbbbe (webtiles) character file.

Game seed: 4533856605694071615

95 dorian the Digger (level 4, -2/29 (30) HPs)
             Began as a Formicid Earth Elementalist on May 11, 2023.
             Slain by Crazy Yiuf
             ... wielding a +3 quarterstaff of chaos
              (6 damage)
             ... on level 3 of the Dungeon.
             The game lasted 00:04:52 (2825 turns).

dorian the Digger (Formicid Earth Elementalist)     Turns: 2825, Time: 00:04:53

HP:   -2/29 (30)    AC:  3    Str: 18    XL:     4   Next: 97%
MP:   5/8           EV: 12    Int: 17    God:
Gold: 143           SH:  0    Dex: 16    Spells: 3/9 levels left

rFire   x . .        s - +6 hand axe of the Whale {drain, rPois rF- rN++ Dex+2}
rCold   . . .        (no shield)
rNeg    + + .        a - +0 robe
rPois   +            (helmet unavailable)
rElec   .            t - +0 cloak
rCorr   .            (no gloves)
SInv    +            (no boots)
Will    .....        (no amulet)
Stlth   ++           r - ring of wizardry
HPRegen 0.24/turn    x - +6 ring of strength
MPRegen 0.11/turn

%: wizardry (x1)
@: lethally poisoned (-2 -> -5), very slightly contaminated, lightly drained
A: permanent stasis, dig shafts and tunnels, antennae 3, four strong arms
a: Dig, Shaft Self


You were on level 3 of the Dungeon.
You visited 1 branch of the dungeon, and saw 3 of its levels.

You collected 143 gold pieces.

Inventory:

Hand Weapons
 i - a +0 sling
 s - the +6 hand axe of the Whale (weapon) {drain, rPois rF- rN++ Dex+2}
   (You found it on level 2 of the Dungeon)

   Dex:       It affects your dexterity (+2).
   rF:        It makes you vulnerable to fire.
   rPois:     It protects you from poison.
   rN:        It greatly protects you from negative energy.
Missiles
 h - 2 silver javelins
 u - 4 javelins
Armour
 a - a +0 robe (worn)
 j - a +0 kite shield
 t - a +0 cloak (worn)
Jewellery
 r - a ring of wizardry (left hand)
 x - a +6 ring of strength (right hand)
Wands
 g - a wand of mindburst (13)
Scrolls
 c - 2 scrolls of poison {unknown}
 e - a scroll of enchant weapon {unknown}
 f - 8 scrolls of identify {unknown}
 l - 2 scrolls of noise {unknown}
 n - 6 scrolls of teleportation {unknown}
 o - a scroll of enchant armour {unknown}
 p - 2 scrolls of fog {unknown}
 q - 2 scrolls of blinking {unknown}
 v - a scroll of acquirement {unknown}
 w - 2 scrolls of brand weapon {unknown}
Potions
 d - a potion of ambrosia {unknown}
 m - a potion of lignification {unknown}
 z - a potion of berserk rage {unknown}
 A - a potion of flight {unknown}


   Skills:
 - Level 1.7 Dodging
 - Level 2.4 Stealth
 + Level 3.0 Spellcasting
 + Level 2.4 Transmutations
 * Level 5.2 Earth Magic


You had 3 spell levels left.
You knew the following spells:

 Your Spells              Type           Power      Damage    Failure   Level
a - Sandblast             Erth           40%        2d10      1%          1
b - Passwall              Tmut/Erth      12%        N/A       2%          2
c - Stone Arrow           Conj/Erth      22%        3d8       8%          3

Your spell library contained the following spells:

 Spells                   Type           Power      Damage    Failure   Level
 Slow                     Hex            8%         N/A       7%          1
 Confusing Touch          Hex            2%         N/A       21%         3
 Vampiric Draining        Necr           2%         2d6       21%         3
 Petrify                  Tmut/Erth      15%        N/A       14%         4


Dungeon Overview and Level Annotations

Branches:
Dungeon (3/15)

Altars:
Wu Jian

Annotations:
D:3 Crazy Yiuf


Innate Abilities, Weirdness & Mutations

You cannot be hasted, slowed, berserked, paralysed or teleported.
You can dig through walls and to a lower floor.
You have a pair of large antennae on your head. (SInv)
Your four strong arms can wield two-handed weapons with a shield.


Message History

Crazy Yiuf is heavily wounded.
Crazy Yiuf hits you with a +3 quarterstaff of chaos.
Crazy Yiuf freezes you.
Crazy Yiuf grits, "Rot King poople!"
Crazy Yiuf hits you with a +3 quarterstaff of chaos!
* * * LOW HITPOINT WARNING * * *
You feel your power leaking away.
Unknown command.
Casting: Sandblast (safe; 1% risk of failure)
Confirm with . or Enter, or press ? or * to list all spells.
You don't have enough magic to cast this spell.
You feel much better.
Crazy Yiuf hits you with a +3 quarterstaff of chaos.
You are poisoned.
Magic courses through your body.
You feel sick.
Crazy Yiuf hits you with a +3 quarterstaff of chaos!
Ouch! That really hurt!
* * * LOW HITPOINT WARNING * * *
You partially resist.
You feel drained.
You feel much better.
You feel sick.
Crazy Yiuf screams, "Hack disdain Xom!"
Crazy Yiuf hits you with a +3 quarterstaff of chaos!
Crazy Yiuf burns you!
* * * LOW HITPOINT WARNING * * *
Casting: Sandblast (safe; 1% risk of failure)
Confirm with . or Enter, or press ? or * to list all spells.
The spell is quite dangerous to miscast (8% risk of failure)!
Continue anyway?
Okay, then.
Casting: Stone Arrow (quite dangerous; 8% risk of failure)
Confirm with . or Enter, or press ? or * to list all spells.
The spell is quite dangerous to miscast (8% risk of failure)!
Continue anyway?
Aiming: Stone Arrow (quite dangerous; 8% risk of failure)
Press: ? - help, Shift-Dir - straight line, f/p - Crazy Yiuf
Aim: Crazy Yiuf, wielding a +3 quarterstaff of chaos and wearing a +0 cloak (heavily wounded, 72% to hit)
You miscast Stone Arrow.
You are very lightly contaminated with residual magic.
Nothing appears to happen.
You feel sick.
Crazy Yiuf cries, "Lugonu!
Millenium Hive cloud."
Crazy Yiuf hits you with a +3 quarterstaff of chaos.
You die...

#.# #.#.##.##.#
#<# #.#.##....#
### #.#....####
######.# #..#
########.# ###
###.#....#.#
#...##..#.......#
#...g@####......#
#)..### ##....##
### ######


You could see Crazy Yiuf.

Vanquished Creatures
  4 gnolls (D:3)
  2 worms (D:2)
  3 dart slugs
  3 bats
  5 endoplasms
  A giant cockroach (D:1)
  4 goblins (D:1)
  3 hobgoblins
  5 kobolds
  3 quokkas (D:2)
  5 ball pythons
  2 frilled lizards
  5 rats
45 creatures vanquished.

Notes
Turn   | Place    | Note
-------+----------+-------------------------------------------
     0 | D:1      | dorian the Formicid Earth Elementalist began the quest for
                  | the Orb.
     0 | D:1      | Reached XP level 1. HP: 13/13 MP: 3/3
   252 | D:1      | Reached XP level 2. HP: 19/19 MP: 3/5
   276 | D:1      | Reached skill level 4 in Earth Magic
   355 | D:1      | You fall into a shaft and drop 1 floor!
   687 | D:1      | Reached XP level 3. HP: 24/24 MP: 4/6
  1079 | D:2      | Learned a level 2 spell: Passwall
  1470 | D:2      | Identified the +0 dagger "Pepyohor" {heavy, +Blink Str+3}
  1480 | D:2      | Learned a level 3 spell: Stone Arrow
  1491 | D:2      | Reached XP level 4. HP: 30/30 MP: 4/8
  1594 | D:2      | Identified the +6 hand axe of the Whale {drain, rPois rF-
                  | rN++ Dex+2}
  2213 | D:3      | Found an ornate altar of the Wu Jian Council.
  2341 | D:3      | Found a runed translucent door.
  2342 | D:3      | Noticed Crazy Yiuf
  2447 | D:3      | Noticed a gnoll sergeant
  2528 | D:3      | Reached skill level 5 in Earth Magic
  2825 | D:3      | Slain by Crazy Yiuf

Illustrated notes

Levels and vault maps discovered:
D:1:      psy_arrival_radial02, layout_loops_cross, dk_noncrumbling_4
D:2:      layout_basic, minmay_heptomino_d4
D:3:      layout_basic, nicolae_overflow_crystal_walls, minivault_19,
          uniq_crazy_yiuf_cottage

Skill      XL: |  1  2  3  4 |
---------------+-------------+-----
Earth Magic    | 4 5 |  5.2
Transmutations | 2 |  2.4
Spellcasting   | 3 |  3.0
Dodging        | |  1.7
Stealth        | |  2.4

Action                     |  1- 3 |  4- 6 || total
---------------------------+-------+-------++-------
  Melee: Unarmed           |     2 |       ||     2
   Cast: Sandblast         |    47 |    17 ||    64
  Evoke: Wand              |       |     3 ||     3
    Use: Potion            |       |     3 ||     3
 Armour: Robe              |     3 |     1 ||     4
  Dodge: Dodged            |     7 |     3 ||    10
